AoeStats
← 93老玩家回归

Black Forest

510159365Analyzed
4v4 RM · 2d ago on Sep 29, 2026· 35m 1s· 8 players
Game mode
Random Map
Map size
Large (8 player)
Population
200
Speed
Normal
Resources
Standard
Victory
Conquest
Starting age
Dark Age
Ending age
Imperial Age
RankedLock teamsTeams togetherTeam positionsShared explorationLock speedFull tech treeHidden civsTurbo modeCheats
Victory
Defeat
🇨🇳 Armenians · China
1629
+9
🇨🇳 Turks · China
1587
+11
🇨🇳 Khmer · China
1437
+17
🇨🇳 Shu · China
1417
+19
🇩🇪 Danes · Germany
1517
-16
🇧🇪 Spanish · Belgium
1493
-15
🇹🇷 Cumans · Türkiye
1493
-15
🇦🇹 Teutons · Austria
1371
-10
Malice
12:35 Feudal Age
13:28 Loom
15:49 Castle Age
13:45 Stone Mining
13:51 Stone Mining
15:52 Double-Bit Axe
17:17 Bow Saw
19:21 Loom
22:08 Horse Collar
22:44 Padded Archer Armor
25:27 Leather Archer Armor
26:47 Heavy Plow
34:21 Imperial Age
33:22 Sanctity
35:25 Block Printing
MyNameIsLassen
11:55 Feudal Age
15:41 Castle Age
13:39 Double-Bit Axe
14:56 Horse Collar
15:08 Gold Mining
15:00 Fishing Lines
15:19 Loom
16:30 Bloodlines
16:55 Scale Barding Armor
22:01 Wheelbarrow
23:49 Gillnets
24:15 Bow Saw
29:32 Imperial Age
27:57 Heavy Plow
28:27 Chain Barding Armor
28:31 Hand Cart
28:47 Chain Barding Armor
29:50 Onager
31:12 Siege Engineers
31:35 Masonry
32:10 Stone Mining
32:10 Gold Mining
32:35 Fletching
32:32 Pikeman
33:12 Squires
33:29 Forging
33:23 Scale Mail Armor
maxder
0:36 Loom
11:27 Feudal Age
15:40 Castle Age
13:52 Fishing Lines
15:16 Double-Bit Axe
16:37 Bow Saw
18:26 Gillnets
22:28 Town Watch
27:56 Wheelbarrow
27:11 Horse Collar
28:13 Gold Mining
28:24 Heavy Plow
30:27 Hand Cart
33:27 Imperial Age
31:18 Scale Barding Armor
31:41 Forging
32:00 Bloodlines
32:48 Chain Barding Armor
33:37 Iron Casting
33:21 Stone Mining
33:38 Cavalier
35:01 Plate Barding Armor
34:12 Pikeman
34:52 Squires
0_TactX
8:01 Loom
10:23 Feudal Age
13:45 Horse Collar
13:54 Double-Bit Axe
22:14 Wheelbarrow
26:06 Castle Age
26:57 Scale Barding Armor
27:04 Forging
28:04 Coinage
赶脚的柠檬头
10:12 Feudal Age
11:00 Double-Bit Axe
10:56 Fishing Lines
19:33 Castle Age
17:49 Gold Mining
19:57 Padded Archer Armor
21:02 Gold Shaft Mining
23:57 Imperial Age
22:01 Bow Saw
23:34 Leather Archer Armor
23:28 Loom
24:18 Wheelbarrow
23:28 Town Watch
25:17 Ring Archer Armor
24:54 Gillnets
25:42 Horse Collar
28:46 Bloodlines
28:37 Husbandry
28:43 Scale Barding Armor
29:15 Heavy Plow
30:27 Chain Barding Armor
32:34 Plate Barding Armor
34:37 Forging
34:56 Heavy Camel Rider
93老玩家回归
0:56 Loom
10:09 Feudal Age
15:21 Castle Age
13:45 Double-Bit Axe
14:25 Horse Collar
26:40 Fletching
Daily
9:08 Feudal Age
9:17 Man-at-Arms
9:43 Arson
10:29 Long Swordsman
11:08 Loom
19:48 Double-Bit Axe
19:48 Horse Collar
21:55 Wheelbarrow
23:11 Stone Mining
25:39 Castle Age
24:06 Fletching
24:17 Padded Archer Armor
25:01 Fletching
25:12 Padded Archer Armor
25:08 Gold Mining
26:09 Town Watch
26:25 Bodkin Arrow
28:29 Ballistics
35:28 Imperial Age
34:41 Leather Archer Armor
唐火火
12:00 Feudal Age
14:56 Castle Age
12:45 Double-Bit Axe
12:44 Horse Collar
13:56 Loom
14:52 Wheelbarrow
16:16 Bow Saw
17:35 Heavy Plow
24:54 Gold Mining
29:39 Imperial Age
27:38 Hand Cart
28:58 Stone Mining
29:52 Gold Shaft Mining
29:52 Bloodlines
29:42 Husbandry
30:54 Conscription
30:34 Tusk Swords
30:53 Scale Barding Armor
30:34 Elite Battle Elephant
31:41 Forging
32:30 Chain Barding Armor
33:20 Crop Rotation
32:52 Capped Ram
34:02 Light Cavalry
Connection lost

Rejoining the realm…

Still unreachable

The connection could not be restored.

Session expired

The server has moved on; the page needs a fresh start.